 Dungeon Crawl Stone Soup version 0.28-a0-991-g956f0ee3d5 (webtiles) character file.

Game seed: 13450893458170372904

4267 browni3141 the Transmogrifier (level 10, 0/63 HPs)
             Began as an Octopode Transmuter on Dec 4, 2021.
             Was an Initiate of Ru.
             Slain by a manticore (5 damage)
             ... on level 8 of the Dungeon.
             The game lasted 00:33:08 (15061 turns).

browni3141 the Transmogrifier (OpTm)               Turns: 15061, Time: 00:33:11

Health: 0/63       AC:  6    Str:  9    XL:     10   Next: 31%
Magic:  12/14      EV: 20    Int: 21    God:    Ru [......]
Gold:   327        SH:  0    Dex: 17    Spells: 1/14 levels left

rFire   . . .      SeeInvis .     - Unarmed
rCold   . . .      Faith    +   (shield currently unavailable)
rNeg    . . .      Spirit   .   (helmet currently unavailable)
rPois   x          Reflect  .   h - amulet of faith
rElec   .          Harm     .   y - ring of resist corrosion
rCorr   +          Rampage  .   A - +4 ring of protection
Will    .....                   (no ring)
Stlth   +++.......              (no ring)
HPRegen 0.20/turn               (no ring)
MPRegen 0.14/turn               (no ring)
                                (no ring)
                                (no ring)

@: spider-form
A: venomous fangs, almost no armour, (amphibious), 8 rings, tiny, (camouflage
1), (gelatinous body 1), (nimble swimmer 1), (tentacles)
a: End Transformation, Renounce Religion, Sacrifice a Hand, Sacrifice Love,
Sacrifice Purity, Reject Sacrifices


You were on level 8 of the Dungeon.
You worshipped Ru.
Ru was noncommittal.
You were a venomous arachnid creature.
You visited 2 branches of the dungeon, and saw 10 of its levels.

You collected 353 gold pieces.
You spent 26 gold pieces at shops.

Inventory:

Missiles
 a - 262 stones
 j - 56 poisoned darts (quivered)
 B - 5 throwing nets
Armour
 q - a +0 buckler
Jewellery
 c - an amulet of magic regeneration
 h - an amulet of faith (around neck)
 y - a ring of resist corrosion (left front leg)
 A - a +4 ring of protection (right front leg)
Wands
 k - a wand of flame (24)
 D - a wand of iceblast (13)
Scrolls
 b - 5 scrolls of teleportation
 e - a scroll of fog
 i - 4 scrolls of vulnerability
 l - 2 scrolls of magic mapping
 m - 2 scrolls of brand weapon
 p - a scroll of holy word
 r - a scroll of enchant armour
 u - a scroll of enchant weapon
 v - a scroll of torment {unknown}
 C - 2 scrolls of identify
Potions
 d - 2 potions of curing
 f - 3 potions of lignification {unknown}
 g - a potion of ambrosia {unknown}
 n - a potion of resistance {unknown}
 o - a potion of brilliance
 s - a potion of flight {unknown}
 t - 2 potions of berserk rage {unknown}
 w - a potion of haste
 x - a potion of might {unknown}
 z - a potion of heal wounds {unknown}


   Skills:
 * Level 3.0 Fighting
 * Level 3.5 Dodging
 + Level 3.7 Stealth
 * Level 9.4 Unarmed Combat
 + Level 2.7 Spellcasting
 * Level 10.2 Transmutations
 + Level 0.2 Ice Magic
 - Level 3.0 Poison Magic


You had one spell level left.
You knew the following spells:

 Your Spells              Type           Power      Damage    Failure   Level
a - Beastly Appendage     Tmut           90%        N/A       2%          1
b - Wereblood             Tmut           45%        N/A       2%          2
c - Spider Form           Tmut/Pois      30%        N/A       10%         3
d - Passwall              Tmut/Erth      20%        N/A       10%         2
e - Sandblast             Erth           4%         2d4       32%         1
f - Ice Form              Ice/Tmut       24%        N/A       34%         4

Your spell library contained the following spells:

 Spells                   Type           Power      Damage    Failure   Level
 Ignite Poison            Fire/Tmut/Pois 21%        N/A       19%         3
 Static Discharge         Conj/Air       2%         N/A       41%         2
 Conjure Flame            Conj/Fire      2%         6-21      61%         3
 Stone Arrow              Conj/Erth      4%         3d7       61%         3
 Dispel Undead            Necr           2%         3d7       92%         4
 Sticky Flame             Conj/Fire      2%         2d3       92%         4
 Summon Forest            Summ/Tloc      1%         N/A       99%         5
 Summon Mana Viper        Hex/Summ       2%         N/A       99%         5
 Summon Cactus Giant      Summ           1%         N/A       100%        6


Dungeon Overview and Level Annotations

Branches:
Dungeon (9/15)             Temple (1/1) D:5             Orc (0/2) D:9
   Lair: D:8-11

Altars:
Ashenzari
Cheibriados
Dithmenos
Elyvilon
Fedhas
Gozag
Hepliaklqana
Kikubaaqudgha
Makhleb
Nemelex Xobeh
Okawaru
Qazlal
Ru
Sif Muna
Trog
Uskayaw
Vehumet
Wu Jian
Xom
Yredelemnul
Zin
The Shining One

Shops:
D:1 (   D:7 *

Annotations:
D:6 Maggie
D:7 1 runed translucent door, browni3141's ghost, novice BaMo
D:8 1 runed translucent door, Atlas's ghost, novice DjFE
D:9 Maurice


Innate Abilities, Weirdness & Mutations

You are a venomous arachnid creature.
You have poisonous fangs.
You are tiny and dextrous.
Your spellcasting is less reliable in this form.
Your armour is entirely melded.
You are incapable of wielding weapons or throwing items.
You cannot wear most types of armour.
((You are amphibious.))
You can wear up to eight rings at the same time.
((Your skin changes colour to match your surroundings (Stealth+).))
((Your rubbery body absorbs attacks. (AC +1, EV +1)))
((You are camouflaged near water. (Stealth+)))
((You have tentacles for arms and can constrict up to eight enemies at once.))


Message History

You bite the manticore!
The manticore is lightly wounded.
The manticore barely misses you. x2; The manticore claws you.
You hit the manticore.
The manticore looks as sick as possible!
The manticore is lightly wounded.
The manticore bites you! The manticore barely misses you.
The manticore closely misses you.
You hit the manticore.
The manticore looks as sick as possible!
The manticore is moderately wounded.
The manticore barely misses you. The manticore closely misses you.
The manticore claws you.
You hit the manticore.
The manticore looks as sick as possible!
The manticore is moderately wounded.
You hit the manticore.
The manticore is heavily wounded.
The manticore barely misses you. The manticore closely misses you.
The manticore misses you.
You hit the manticore but do no damage.
The manticore is heavily wounded.
The manticore misses you. The manticore claws you! The manticore claws you.
You barely miss the manticore.
The manticore is heavily wounded.
The manticore misses you. The manticore completely misses you. x2
You bite the manticore!
The manticore looks as sick as possible!
The manticore is almost dead.
The manticore bites you!
* * * LOW HITPOINT WARNING * * *
The manticore barely misses you. The manticore misses you.
Okay, then.
Aiming: Throw Flame
Press: ? - help, Shift-Dir - straight line, f - manticore
Aim: a manticore (almost dead, extremely poisoned, 81% to hit)
The puff of flame hits the manticore.
The manticore is almost dead.
The manticore barely misses you. The manticore claws you.
You die...

..................
...........##.##.#
...#.#..###....#.#
...#.......#.##..#
...####.#...####.#
...#.#.#.##.###..#
##.##..##.####...#
#..#........###.###'###
##..####....#..#s.......
...#.####..#.##H##.###.#
..........#.#).# .#
....###.##.#.### .
..........#..# .#
....##.###..H# #
#..........#
#..###'###.# #..# ...


You could see a manticore (extremely poisoned).

Vanquished Creatures
  Harold (D:8)
  A hornet (D:7)
  Sigmund (D:3)
  Edmund (D:6)
  A water moccasin (D:8)
  Duvessa (D:6)
  4 orc warriors
  A sky beast (D:5)
  4 necrophages
  An ice beast (D:7)
  An ogre (D:4)
  3 centaurs
  A phantom (Temple)
  A kobold brigand (D:7)
  2 bullfrogs
  2 scorpions
  A water moccasin zombie (D:5)
  Dowan (D:6)
  A killer bee (D:8)
  3 wights (D:7)
  An electric eel (D:7)
  2 howler monkeys
  5 centaur zombies
  A bullfrog zombie (D:5)
  3 orc priests
  3 hounds
  A gnoll shaman (D:6)
  A centaur skeleton (D:7)
  Crazy Yiuf (D:3)
  2 jellies
  Jessica (D:3)
  2 iguanas
  4 orc wizards
  Ijyb (D:3)
  2 howler monkey zombies
  5 gnolls (D:6)
  7 adders
  A shadow imp (D:7)
  2 worms
  A dart slug (D:1)
  30 orcs
  3 ball pythons
  A bat (D:2)
  13 endoplasms
  10 hobgoblins
  10 jackals
  11 kobolds
  2 quokkas (D:1)
  3 frilled lizards
  3 goblins (D:1)
  2 rats (D:1)
166 creatures vanquished.

Vanquished Creatures (others)
  13 plants
13 creatures vanquished.

Grand Total: 179 creatures vanquished

Notes
Turn   | Place    | Note
-------+----------+-------------------------------------------
     0 | D:1      | browni3141 the Octopode Transmuter began the quest for the
                  | Orb.
     0 | D:1      | Reached XP level 1. HP: 13/13 MP: 3/3
   158 | D:1      | Reached skill level 1 in Stealth
   160 | D:1      | Reached XP level 2. HP: 15/18 MP: 5/5
   751 | D:1      | Found a faded altar of an unknown god.
   803 | D:1      | Reached skill level 3 in Transmutations
   803 | D:1      | Reached XP level 3. HP: 15/23 MP: 6/6
   947 | D:1      | Found Yqu Gier's Antique Weapon Boutique.
  1642 | D:2      | Learned a level 2 spell: Wereblood
  1646 | D:2      | Learned a level 3 spell: Spider Form
  1670 | D:2      | Found a blossoming altar of Fedhas.
  2398 | D:2      | Reached XP level 4. HP: 19/28 MP: 5/7
  2513 | D:2      | Reached skill level 4 in Transmutations
  3616 | D:3      | Noticed Ijyb
  3628 | D:3      | Killed Ijyb
  3804 | D:3      | Noticed Sigmund
  3917 | D:3      | Reached XP level 5. HP: 33/33 MP: 8/8
  3938 | D:3      | Found a runed translucent door.
  3939 | D:3      | Noticed Crazy Yiuf
  5051 | D:3      | Reached skill level 5 in Transmutations
  5159 | D:3      | Noticed Jessica
  5169 | D:3      | Killed Jessica
  5182 | D:3      | Found a faded altar of an unknown god.
  5191 | D:3      | Killed Sigmund
  5192 | D:3      | Reached skill level 1 in Poison Magic
  5192 | D:3      | Reached XP level 6. HP: 23/38 MP: 9/9
  5365 | D:3      | Found a burning altar of Makhleb.
  5537 | D:3      | Killed Crazy Yiuf
  6042 | D:4      | Found an ancient bone altar of Kikubaaqudgha.
  6116 | D:4      | Reached XP level 7. HP: 41/43 MP: 10/10
  6162 | D:4      | Found a broken altar of Ashenzari.
  6214 | D:4      | Learned a level 2 spell: Passwall
  6325 | D:4      | Found a snail-covered altar of Cheibriados.
  6340 | D:4      | Found a shimmering blue altar of Sif Muna.
  6353 | D:4      | Found a stormy altar of Qazlal.
  6356 | D:4      | Found a basalt altar of Yredelemnul.
  6551 | D:4      | Reached skill level 6 in Transmutations
  7005 | D:5      | Entered Level 5 of the Dungeon
  7021 | D:5      | Reached skill level 5 in Unarmed Combat
  7070 | D:5      | Found a staircase to the Ecumenical Temple.
  7075 | Temple   | Entered the Ecumenical Temple
  7290 | Temple   | Learned a level 1 spell: Sandblast
  7641 | D:5      | Reached XP level 8. HP: 46/48 MP: 11/11
  7696 | D:5      | Reached skill level 7 in Transmutations
  8716 | D:6      | Found a glowing silver altar of Zin.
  8760 | D:6      | Noticed Edmund
  8786 | D:6      | Killed Edmund
  8787 | D:6      | Reached skill level 8 in Transmutations
  9134 | D:6      | Noticed Duvessa
  9139 | D:6      | Noticed Dowan
  9154 | D:6      | Killed Duvessa
  9160 | D:6      | Killed Dowan
  9363 | D:6      | Reached XP level 9. HP: 33/53 MP: 10/12
 10151 | D:6      | Noticed Maggie
 10218 | D:7      | Found a runed translucent door.
 10224 | D:7      | Noticed browni3141's ghost (novice BaMo)
 10224 | D:7      | Noticed a seven-headed hydra
 10337 | D:7      | Reached skill level 9 in Transmutations
 10567 | D:7      | Found Gelafev's General Store.
 10603 | D:7      | Bought a scroll of identify for 26 gold pieces
 10834 | D:7      | Found a sacrificial altar of Ru.
 10849 | D:7      | Became a worshipper of Ru the Awakened
 10903 | D:7      | Found an ornate altar of the Wu Jian Council.
 11832 | D:7      | Identified the +8 hunting sling "Muotir" {venom, rPois rF+
                  | Dex+4}
 12799 | D:8      | Noticed Atlas's ghost (novice DjFE)
 12813 | D:8      | Found a runed translucent door.
 12820 | D:8      | Noticed a hornet
 13169 | D:8      | HP: 2/53 [poisoned by a killer bee]
 13767 | D:8      | Noticed Harold
 13962 | D:9      | Found an opulent altar of Gozag.
 13989 | D:9      | Noticed Maurice
 14051 | D:9      | Found a staircase to the Orcish Mines.
 14331 | D:8      | Killed Harold
 14332 | D:8      | Reached skill level 10 in Transmutations
 14332 | D:8      | Reached XP level 10. HP: 15/61 MP: 8/13
 14770 | D:7      | Learned a level 4 spell: Ice Form
 15010 | D:8      | Noticed a manticore
 15037 | D:8      | Noticed a manticore
 15061 | D:8      | Slain by a manticore

Illustrated notes

Levels and vault maps discovered:
D:1:      dpeg_arrival_snail, layout_basic, serial_shops,
          nicolae_shop_hallway_plus, hellmonk_ecumenical_altar_dog_temple,
          minmay_vboxes
D:2:      layout_loops_ring, basic_altar, serial_rivers,
          chequers_serial_rivers_small_3, chequers_serial_rivers_small_b,
          chequers_serial_rivers_small_3, chequers_serial_rivers_large_b
D:3:      layout_loops_ring, nicolae_overflow_ecumenical_swirl,
          minmay_misc_feat_tower, grunt_ministairs_14, uniq_crazy_yiuf_cottage,
          uniq_jessica, uniq_ijyb, uniq_sigmund
D:4:      layout_rooms, nicolae_ashenzari_panopticon, kennysheep_mini_moat,
          grunt_temple_overflow_cloverleaf
D:5:      layout_basic, minmay_temple_entry_nine_rooms, portal_sewer_entry_d
D:6:      layout_layer_cave, zin_academy, minmay_misc_feat_roman, uniq_maggie,
          uniq_duvessa, uniq_edmund
D:7:      layout_basic, nicolae_ru_awakened_eye, nzn_wu_jian_contemplation,
          ebering_ghost_inner_flame, serial_shops, shop_fountains,
          interstate_on_off, kennysheep_path_1
D:8:      layout_rooms, hellmonk_ghost_big_iron, minmay_shattered_shrine,
          uniq_harold
D:9:      layout_loops_ring, lemuel_doored_altar,
          grunt_lair_entry_orc_guard_hut, zombieorc2_lemuel,
          ploomutoo_gammafunk_ghost_potion_laboratory, uniq_grum, uniq_maurice
Temple:   minmay_temple_curvy_loop

Skill      XL: |  1  2  3  4  5  6  7  8  9 10 |
---------------+-------------------------------+-----
Stealth        | 1 2 3 |  3.7
Transmutations | 3 4 5 6 8 10 | 10.2
Poison Magic   | 1 2 3 |  3.0
Unarmed Combat | 4 5 7 9 |  9.4
Fighting       | 2 3 |  3.0
Dodging        | 3 |  3.5
Spellcasting   | |  2.7
Ice Magic      | |  0.2

Action                   |  1- 3 |  4- 6 |  7- 9 | 10-12 || total
-------------------------+-------+-------+-------+-------++-------
Melee: Unarmed           |    86 |   132 |   334 |    33 ||   585
       Constrict         |    21 |    23 |    25 |     1 ||    70
       Kick              |    13 |    21 |    39 |     2 ||    75
       Tentacles         |    15 |    10 |    33 |     1 ||    59
       Punch             |       |     3 |    11 |       ||    14
Throw: Stone             |     9 |    30 |       |       ||    39
       Dart              |       |     1 |     2 |       ||     3
 Cast: Beastly Appendage |    11 |    12 |    18 |     1 ||    42
       Spider Form       |       |     5 |    23 |     3 ||    31
       Passwall          |       |       |     9 |       ||     9
       Sandblast         |       |       |     9 |       ||     9
Evoke: Wand              |       |       |     3 |     1 ||     4
  Use: Scroll            |       |       |     9 |       ||     9
       Potion            |       |       |     2 |       ||     2
 Stab: Sleeping          |     7 |     3 |     5 |     1 ||    16
       Distracted        |       |       |     1 |       ||     1
Armor: Skin              |     6 |     7 |    26 |     1 ||    40
Dodge: Dodged            |    37 |    87 |   242 |    40 ||   406

Table legend: (Time is in decaauts)
 A = Elapsed time spent in this place.
 B = Non-inter-level travel time spent in this place.
 C = Inter-level travel time spent in this place.
 D = Time resting spent in this place.
 E = Time spent auto-exploring this place.
 F = Levels seen in this place.
 G = Mean time per level.
                   A        B        C        D        E       F      G
               +--------+--------+--------+--------+--------+-----+--------+
         Total |  14998 |  14448 |    550 |   2935 |   8882 |  10 | 1499.8 |
       Dungeon |  14659 |  14109 |    550 |   2783 |   8822 |   9 | 1628.8 |
        Temple |    339 |    339 |      0 |    152 |     60 |   1 |  339.0 |
               +--------+--------+--------+--------+--------+-----+--------+

Top non-repeatable levels by time:
     D:2: 2277 daAuts
     D:7: 2204 daAuts
     D:8: 2043 daAuts
     D:3: 1841 daAuts
     D:6: 1696 daAuts
     D:1: 1632 daAuts
     D:5: 1485 daAuts
     D:4: 1273 daAuts
  Temple: 339 daAuts
     D:9: 204 daAuts
